1927 views
Uploaded 2023-04-24 00:26:50
Game version 1.35 (6115)
23:24 long 4on4 ladder game on (8)Deadlock_S2
Saved by DKnight
1927 views
Uploaded 2023-04-24 00:26:50
Game version 1.35 (6115)
23:24 long 4on4 ladder game on (8)Deadlock_S2


159 units @ 21.6k
/ 2.4k
93 buildings @ 12.6k
/ 4.8k

| Potion of Healing | 3 | 450 |
| Potion of Mana | 4 | 800 |
| Healing Salve | 1 | 100 |
| Lesser Clarity Potion | 2 | 140 |
| Scroll of Town Portal | 3 | 1050 |
| Boots of Speed | 1 | 250 |
| Scroll of Protection | 1 | 150 |
| total: | 15 | 2940g |
| Peon | 10 | 750 | / | 0 |
| Troll Headhunter | 14 | 1960 | / | 280 |
| Troll Berserker | 13 | 1820 | / | 260 |
| Shaman | 3 | 390 | / | 60 |
| Troll Witch Doctor | 1 | 145 | / | 25 |
| total: | 41 | 5065g | / | 625w |
| Watch Tower | 6 | 660 | / | 480 |
| War Mill | 1 | 205 | / | 0 |
| Orc Burrow | 6 | 960 | / | 240 |
| Altar of Storms | 1 | 180 | / | 50 |
| Barracks | 3 | 540 | / | 150 |
| Voodoo Lounge | 2 | 260 | / | 60 |
| Great Hall | 1 | 385 | / | 185 |
| Spirit Lodge | 1 | 150 | / | 150 |
| Stronghold | 1 | 315 | / | 190 |
| Fortress | 1 | 325 | / | 190 |
| total: | 21 | 3340g | / | 1315w |
| 0:04 | War Mill |
| 0:07 | Peon |
| 0:16 | Orc Burrow |
| 0:24 | Altar of Storms |
| 0:31 | Peon |
| 0:43 | Peon |
| 0:59 | Peon |
| 1:19 | Barracks |
| 1:31 | Peon |
| 1:42 | Orc Burrow |
| 2:04 | Peon |
| 2:11 | Barracks |
| 2:19 | Troll Headhunter |
| 2:25 | Barracks |
| 2:30 | Feral Spirit |
| 2:37 | Troll Headhunter |
| 2:56 | Troll Headhunter |
| 3:07 | Troll Headhunter |
| 3:12 | Watch Tower |
| 3:44 | Troll Headhunter |
| 3:56 | Troll Headhunter |
| 4:02 | Watch Tower |
| 4:13 | Peon |
| 4:13 | Peon |
| 4:30 | Troll Headhunter |
| 4:34 | Chain Lighting |
| 4:48 | Stronghold |
| 5:54 | Voodoo Lounge |
| 5:58 | Watch Tower |
| 6:00 | Watch Tower |
| 6:04 | Watch Tower |
| 6:45 | Watch Tower |
| 6:48 | Spiked Barricades |
| 7:11 | Troll Headhunter |
| 7:11 | Troll Headhunter |
| 7:41 | Voodoo Lounge |
| 7:42 | Spirit Lodge |
| 8:16 | Troll Regeneration |
| 8:20 | Peon |
| 8:20 | Peon |
| 8:34 | Scroll of Town Portal |
| 8:35 | Boots of Speed |
| 8:38 | Scroll of Protection |
| 8:53 | Troll Headhunter |
| 9:05 | Chain Lighting |
| 9:13 | Reinforced Defenses |
| 9:41 | Potion of Healing |
| 9:43 | Potion of Mana |
| 10:36 | Healing Salve |
| 10:39 | Shaman Adept Training |
| 10:41 | Fortress |
| 10:43 | Potion of Healing |
| 11:27 | Troll Headhunter |
| 11:29 | Improved Spiked Barricades |
| 11:38 | Lesser Clarity Potion |
| 11:43 | Potion of Mana |
| 11:52 | Troll Headhunter |
| 12:07 | Scroll of Town Portal |
| 12:24 | Potion of Healing |
| 12:39 | Potion of Mana |
| 13:04 | Troll Headhunter |
| 13:05 | Berserker Upgrade |
| 13:19 | Troll Headhunter |
| 13:26 | Shaman Master Training |
| 13:38 | Feral Spirit |
| 13:49 | Troll Berserker |
| 13:50 | Shaman |
| 14:02 | Troll Berserker |
| 14:25 | Troll Berserker |
| 14:43 | Troll Berserker |
| 15:24 | Troll Berserker |
| 15:27 | Troll Witch Doctor |
| 15:28 | Shaman |
| 15:59 | Troll Berserker |
| 16:00 | Shaman |
| 16:23 | Chain Lighting |
| 16:34 | Troll Berserker |
| 16:46 | Orc Burrow |
| 16:53 | Scroll of Town Portal |
| 17:32 | Troll Berserker |
| 17:48 | Troll Berserker |
| 18:31 | Troll Berserker |
| 18:56 | Earth Quake |
| 19:04 | Troll Berserker |
| 20:22 | Lesser Clarity Potion |
| 20:25 | Potion of Mana |
| 20:35 | Steel Ranged Weapons |
| 21:13 | Troll Berserker |
| 21:13 | Troll Berserker |
| 21:49 | Orc Burrow |
| 21:52 | Orc Burrow |
| 21:54 | Orc Burrow |
| 22:36 | Great Hall |
| Right click | 1672 |
| Select group | 1456 |
| Select | 253 |
| Build/train/purchase | 126 |
| Misc. action | 105 |
| Assign group | 50 |
| Use ability | 29 |
| Chat | 9 |
| Esc | 8 |
| Minimap ping | 8 |

| Scroll of Regeneration | 2 | 200 |
| Lesser Clarity Potion | 1 | 70 |
| total: | 3 | 270g |
| Peasant | 22 | 1650 | / | 0 |
| Footman | 32 | 4320 | / | 0 |
| total: | 54 | 5970g | / | 0w |
| Altar of Kings | 1 | 180 | / | 50 |
| Farm | 6 | 480 | / | 120 |
| Barracks | 3 | 480 | / | 180 |
| Arcane Vault | 2 | 260 | / | 60 |
| Town Hall | 1 | 385 | / | 205 |
| Blacksmith | 1 | 140 | / | 60 |
| Workshop | 2 | 280 | / | 280 |
| Keep | 1 | 320 | / | 210 |
| Castle | 1 | 360 | / | 210 |
| total: | 16 | 2205g | / | 955w |
| 0:06 | Altar of Kings |
| 0:10 | Farm |
| 0:13 | Peasant |
| 0:13 | Peasant |
| 0:30 | Barracks |
| 0:33 | Peasant |
| 0:54 | Farm |
| 0:58 | Peasant |
| 1:12 | Peasant |
| 1:24 | Peasant |
| 1:33 | Footman |
| 1:39 | Farm |
| 1:42 | Peasant |
| 1:52 | Footman |
| 2:07 | Footman |
| 2:12 | Thunder Clap |
| 2:23 | Peasant |
| 2:37 | Arcane Vault |
| 2:52 | Footman |
| 3:08 | Footman |
| 3:33 | Storm Bolt |
| 3:44 | Footman |
| 3:48 | Keep |
| 4:15 | Town Hall |
| 4:30 | Blacksmith |
| 4:38 | Scroll of Regeneration |
| 4:56 | Lesser Clarity Potion |
| 5:01 | Scroll of Regeneration |
| 5:09 | Footman |
| 5:20 | Defend |
| 6:00 | Footman |
| 6:06 | Farm |
| 6:20 | Footman |
| 6:31 | Bash |
| 7:09 | Footman |
| 7:09 | Footman |
| 7:13 | Farm |
| 8:15 | Footman |
| 8:15 | Footman |
| 8:27 | Footman |
| 8:30 | Peasant |
| 8:30 | Peasant |
| 8:51 | Peasant |
| 8:51 | Peasant |
| 9:03 | Footman |
| 10:02 | Footman |
| 10:02 | Footman |
| 10:37 | Barracks |
| 10:47 | Peasant |
| 10:47 | Peasant |
| 10:47 | Peasant |
| 10:51 | Barracks |
| 10:59 | Peasant |
| 10:59 | Peasant |
| 10:59 | Peasant |
| 11:01 | Footman |
| 11:01 | Footman |
| 11:10 | Peasant |
| 11:20 | Arcane Vault |
| 11:51 | Peasant |
| 11:51 | Peasant |
| 11:58 | Footman |
| 11:58 | Footman |
| 12:05 | Footman |
| 12:05 | Footman |
| 12:31 | Footman |
| 12:31 | Footman |
| 12:34 | Farm |
| 12:54 | Peasant |
| 12:55 | Footman |
| 12:55 | Footman |
| 12:56 | Footman |
| 13:17 | Footman |
| 13:17 | Footman |
| 13:20 | Footman |
| 13:21 | Footman |
| 13:55 | Castle |
| 14:00 | Workshop |
| 14:04 | Workshop |
| Right click | 475 |
| Misc. action | 223 |
| Select group | 216 |
| Select | 171 |
| Build/train/purchase | 86 |
| Chat | 52 |
| Assign group | 22 |
| Use ability | 11 |
| Resource trade | 6 |
| Minimap ping | 3 |
| Remove unit | 1 |


| Rod of Necromancy | 2 | 300 |
| Potion of Healing | 1 | 150 |
| Lesser Clarity Potion | 3 | 210 |
| Orb of Corruption | 1 | 375 |
| Scroll of Town Portal | 2 | 700 |
| Scroll of Healing | 1 | 250 |
| Potion of Lesser Invulnerability | 1 | 150 |
| Scroll of Regeneration | 1 | 100 |
| total: | 12 | 2235g |
| Acolyte | 8 | 600 | / | 0 |
| Ghoul | 3 | 360 | / | 0 |
| Crypt Fiend | 14 | 3010 | / | 560 |
| Obsidian Statue | 7 | 1400 | / | 245 |
| Frost Wyrm | 1 | 385 | / | 120 |
| total: | 33 | 5755g | / | 925w |
| Spirit Tower | 4 | 580 | / | 160 |
| Nerubian Tower | 1 | 100 | / | 20 |
| Crypt | 1 | 200 | / | 50 |
| Graveyard | 1 | 215 | / | 0 |
| Altar of Darkness | 1 | 180 | / | 50 |
| Ziggurat | 8 | 1200 | / | 400 |
| Tomb of Relics | 1 | 130 | / | 30 |
| Necropolis | 3 | 675 | / | 0 |
| Slaughterhouse | 1 | 140 | / | 135 |
| Boneyard | 2 | 350 | / | 400 |
| Halls of the Dead | 1 | 320 | / | 210 |
| Black Citadel | 1 | 325 | / | 230 |
| total: | 18 | 3090g | / | 1065w |
| 0:02 | Acolyte |
| 0:02 | Acolyte |
| 0:06 | Crypt |
| 0:35 | Graveyard |
| 0:49 | Altar of Darkness |
| 0:56 | Ziggurat |
| 1:08 | Ghoul |
| 1:27 | Tomb of Relics |
| 1:47 | Ghoul |
| 1:55 | Ziggurat |
| 2:14 | Crypt Fiend |
| 2:48 | Rod of Necromancy |
| 2:49 | Death Coil |
| 3:01 | Ghoul |
| 3:31 | Crypt Fiend |
| 3:39 | Halls of the Dead |
| 4:06 | Crypt Fiend |
| 4:32 | Unholy Aura |
| 4:34 | Crypt Fiend |
| 4:37 | Ziggurat |
| 5:48 | Death Coil |
| 5:53 | Crypt Fiend |
| 6:00 | Ziggurat |
| 6:07 | Slaughterhouse |
| 6:10 | Rod of Necromancy |
| 6:12 | Potion of Healing |
| 7:09 | Frost Nova |
| 7:13 | Spirit Tower |
| 7:22 | Black Citadel |
| 7:36 | Scroll of Regeneration |
| 7:38 | Lesser Clarity Potion |
| 7:38 | Lesser Clarity Potion |
| 7:45 | Crypt Fiend |
| 8:42 | Obsidian Statue |
| 9:03 | Ziggurat |
| 9:24 | Crypt Fiend |
| 9:26 | Ziggurat |
| 9:36 | Scroll of Town Portal |
| 10:04 | Obsidian Statue |
| 10:31 | Dark Ritual |
| 10:40 | Crypt Fiend |
| 10:43 | Crypt Fiend |
| 10:55 | Death Pact |
| 11:21 | Obsidian Statue |
| 11:43 | Orb of Corruption |
| 13:26 | Crypt Fiend |
| 13:35 | Creature Attack |
| 14:08 | Frost Nova |
| 14:13 | Acolyte |
| 14:14 | Acolyte |
| 14:18 | Creature Carapace |
| 14:41 | Spirit Tower |
| 14:59 | Spirit Tower |
| 15:22 | Death Coil |
| 15:38 | Necropolis |
| 16:44 | Acolyte |
| 16:44 | Acolyte |
| 16:46 | Crypt Fiend |
| 16:56 | Scroll of Town Portal |
| 16:56 | Potion of Lesser Invulnerability |
| 16:56 | Scroll of Healing |
| 17:05 | Destroyer Form |
| 17:14 | Dark Ritual |
| 17:30 | Ziggurat |
| 17:31 | Acolyte |
| 17:31 | Acolyte |
| 17:42 | Obsidian Statue |
| 18:03 | Ziggurat |
| 18:51 | Unholy Strength |
| 18:58 | Spirit Tower |
| 18:59 | Nerubian Tower |
| 19:02 | Crypt Fiend |
| 19:02 | Obsidian Statue |
| 19:05 | Boneyard |
| 19:15 | Obsidian Statue |
| 19:34 | Unholy Aura |
| 20:17 | Lesser Clarity Potion |
| 20:46 | Necropolis |
| 20:50 | Frost Wyrm |
| 21:17 | Crypt Fiend |
| 21:21 | Boneyard |
| 21:44 | Crypt Fiend |
| 21:46 | Obsidian Statue |
| 22:05 | Necropolis |
| Right click | 1303 |
| Select group | 1074 |
| Select | 422 |
| Misc. action | 125 |
| Build/train/purchase | 102 |
| Use ability | 53 |
| Assign group | 51 |
| Chat | 18 |
| Minimap ping | 6 |
| Item give/drop | 2 |
| Remove unit | 2 |
| Esc | 2 |

| Scroll of Regeneration | 6 | 600 |
| Lesser Clarity Potion | 7 | 490 |
| Potion of Mana | 1 | 200 |
| Scroll of Town Portal | 3 | 1050 |
| Boots of Speed | 1 | 250 |
| Potion of Lesser Invulnerability | 1 | 150 |
| total: | 19 | 2740g |
| Peasant | 11 | 825 | / | 0 |
| Rifleman | 14 | 2870 | / | 420 |
| Mortar Team | 6 | 1080 | / | 420 |
| total: | 31 | 4775g | / | 840w |
| Scout Tower | 14 | 420 | / | 280 |
| Guard Tower | 3 | 210 | / | 150 |
| Altar of Kings | 2 | 360 | / | 100 |
| Farm | 10 | 800 | / | 200 |
| Barracks | 2 | 320 | / | 120 |
| Blacksmith | 2 | 280 | / | 120 |
| Lumber Mill | 3 | 360 | / | 0 |
| Town Hall | 3 | 1155 | / | 615 |
| Arcane Vault | 2 | 260 | / | 60 |
| Keep | 3 | 960 | / | 630 |
| total: | 38 | 3955g | / | 1495w |
| 0:05 | Peasant |
| 0:06 | Peasant |
| 0:06 | Peasant |
| 0:31 | Altar of Kings |
| 0:46 | Peasant |
| 0:54 | Farm |
| 0:56 | Peasant |
| 1:06 | Peasant |
| 1:14 | Peasant |
| 1:20 | Barracks |
| 1:35 | Farm |
| 1:52 | Peasant |
| 1:56 | Blacksmith |
| 1:58 | Blacksmith |
| 2:00 | Peasant |
| 2:06 | Farm |
| 2:23 | Peasant |
| 2:47 | Rifleman |
| 2:49 | Barracks |
| 2:55 | Peasant |
| 3:03 | Farm |
| 3:11 | Lumber Mill |
| 3:27 | Rifleman |
| 3:53 | Rifleman |
| 4:05 | Storm Bolt |
| 4:13 | Rifleman |
| 4:15 | Farm |
| 4:58 | Town Hall |
| 5:05 | Thunder Clap |
| 5:12 | Arcane Vault |
| 5:42 | Improved Lumber Harvesting |
| 6:14 | Scroll of Regeneration |
| 6:15 | Lesser Clarity Potion |
| 6:20 | Rifleman |
| 7:05 | Rifleman |
| 7:07 | Keep |
| 7:09 | Black Gunpowder |
| 7:09 | Studded Leather Armor |
| 7:36 | Boots of Speed |
| 7:42 | Potion of Lesser Invulnerability |
| 7:47 | Rifleman |
| 7:51 | Scout Tower |
| 7:51 | Scout Tower |
| 7:54 | Scout Tower |
| 8:14 | Storm Bolt |
| 8:23 | Guard Tower |
| 8:26 | Scout Tower |
| 9:12 | Guard Tower |
| 9:32 | Arcane Vault |
| 10:12 | Rifleman |
| 10:15 | Long Rifles |
| 10:17 | Farm |
| 10:43 | Farm |
| 10:52 | Rifleman |
| 11:26 | Reinforced Leather Armor |
| 11:46 | Improved Masonry |
| 12:04 | Rifleman |
| 12:22 | Scroll of Regeneration |
| 12:28 | Potion of Mana |
| 12:28 | Lesser Clarity Potion |
| 12:43 | Scroll of Regeneration |
| 12:46 | Lesser Clarity Potion |
| 13:10 | Scroll of Town Portal |
| 14:35 | Town Hall |
| 14:53 | Scroll of Town Portal |
| 15:23 | Thunder Clap |
| 15:47 | Scroll of Town Portal |
| 16:11 | Keep |
| 16:14 | Rifleman |
| 16:15 | Rifleman |
| 16:17 | Scout Tower |
| 16:17 | Scout Tower |
| 16:17 | Scout Tower |
| 16:17 | Scout Tower |
| 16:18 | Scout Tower |
| 16:33 | Mortar Team |
| 16:38 | Farm |
| 16:39 | Farm |
| 16:39 | Farm |
| 16:48 | Lumber Mill |
| 17:52 | Mortar Team |
| 18:40 | Town Hall |
| 18:53 | Scroll of Regeneration |
| 18:53 | Lesser Clarity Potion |
| 18:57 | Lesser Clarity Potion |
| 18:57 | Scroll of Regeneration |
| 19:05 | Mortar Team |
| 20:00 | Rifleman |
| 20:03 | Rifleman |
| 20:08 | Altar of Kings |
| 20:12 | Lesser Clarity Potion |
| 20:33 | Storm Bolt |
| 20:35 | Lesser Clarity Potion |
| 20:35 | Scroll of Regeneration |
| 20:39 | Keep |
| 20:46 | Mortar Team |
| 20:46 | Mortar Team |
| 20:46 | Mortar Team |
| 21:28 | Guard Tower |
| 21:55 | Scout Tower |
| 21:55 | Scout Tower |
| 21:56 | Scout Tower |
| 21:57 | Scout Tower |
| 21:57 | Scout Tower |
| 23:10 | Lumber Mill |
| Right click | 963 |
| Select | 302 |
| Select group | 296 |
| Build/train/purchase | 95 |
| Use ability | 24 |
| Assign group | 18 |
| Resource trade | 11 |
| Chat | 4 |
| Minimap ping | 2 |
| Item give/drop | 1 |
156 units @ 24.4k
/ 3.6k
77 buildings @ 12.8k
/ 5.5k


| Healing Salve | 2 | 200 |
| Lesser Clarity Potion | 3 | 210 |
| Scroll of Speed | 2 | 100 |
| Potion of Mana | 2 | 400 |
| Scroll of Town Portal | 1 | 350 |
| total: | 10 | 1260g |
| Peon | 20 | 1500 | / | 0 |
| Grunt | 10 | 2000 | / | 0 |
| Tauren | 12 | 3360 | / | 960 |
| Shaman | 13 | 1690 | / | 260 |
| total: | 55 | 8550g | / | 1220w |
| Orc Burrow | 6 | 960 | / | 240 |
| Altar of Storms | 1 | 180 | / | 50 |
| Barracks | 1 | 180 | / | 50 |
| Voodoo Lounge | 1 | 130 | / | 30 |
| War Mill | 1 | 205 | / | 0 |
| Great Hall | 1 | 385 | / | 185 |
| Spirit Lodge | 1 | 150 | / | 150 |
| Tauren Totem | 2 | 270 | / | 310 |
| Stronghold | 1 | 315 | / | 190 |
| Fortress | 1 | 325 | / | 190 |
| total: | 14 | 2460g | / | 1015w |
| 0:02 | Peon |
| 0:02 | Peon |
| 0:18 | Orc Burrow |
| 0:20 | Altar of Storms |
| 0:23 | Peon |
| 0:23 | Peon |
| 0:40 | Peon |
| 1:03 | Barracks |
| 1:06 | Peon |
| 1:16 | Peon |
| 1:26 | Peon |
| 1:36 | Peon |
| 1:47 | Orc Burrow |
| 2:08 | Voodoo Lounge |
| 2:14 | Grunt |
| 2:21 | Feral Spirit |
| 2:42 | Grunt |
| 2:51 | War Mill |
| 3:03 | Grunt |
| 3:48 | Stronghold |
| 3:54 | Healing Salve |
| 3:54 | Healing Salve |
| 4:07 | Orc Burrow |
| 4:20 | Steel Melee Weapons |
| 4:28 | Chain Lighting |
| 4:42 | Grunt |
| 5:49 | Grunt |
| 6:03 | Feral Spirit |
| 6:07 | Steel Armor |
| 6:09 | Lesser Clarity Potion |
| 6:12 | Berserker Strength |
| 6:23 | Great Hall |
| 6:57 | Thorium Melee Weapons |
| 7:20 | Spirit Lodge |
| 7:42 | Healing Wave |
| 8:06 | Fortress |
| 8:52 | Peon |
| 8:52 | Peon |
| 8:52 | Peon |
| 8:52 | Peon |
| 8:53 | Peon |
| 9:00 | Grunt |
| 9:00 | Grunt |
| 9:10 | Shaman Adept Training |
| 9:12 | Tauren Totem |
| 10:13 | Grunt |
| 10:13 | Grunt |
| 10:13 | Grunt |
| 10:58 | Shaman Master Training |
| 11:00 | Tauren |
| 11:20 | Peon |
| 11:20 | Peon |
| 11:44 | Hex |
| 12:42 | Tauren Totem |
| 13:37 | Shaman |
| 13:37 | Shaman |
| 13:37 | Shaman |
| 13:40 | Tauren |
| 13:40 | Tauren |
| 14:11 | Tauren |
| 14:12 | Tauren |
| 14:33 | Shaman |
| 14:33 | Shaman |
| 14:44 | Peon |
| 14:44 | Peon |
| 14:44 | Peon |
| 14:44 | Peon |
| 14:48 | Lesser Clarity Potion |
| 14:55 | Orc Burrow |
| 14:57 | Scroll of Town Portal |
| 14:57 | Scroll of Speed |
| 14:59 | Potion of Mana |
| 15:02 | Tauren |
| 16:14 | Tauren |
| 17:25 | Orc Burrow |
| 17:27 | Tauren |
| 17:27 | Tauren |
| 18:09 | Shaman |
| 18:10 | Shaman |
| 18:10 | Shaman |
| 18:10 | Shaman |
| 18:59 | Chain Lighting |
| 19:10 | Tauren |
| 19:14 | Shaman |
| 19:14 | Shaman |
| 20:04 | Tauren |
| 20:06 | Shaman |
| 20:07 | Shaman |
| 20:18 | Potion of Mana |
| 20:20 | Lesser Clarity Potion |
| 20:22 | Scroll of Speed |
| 20:35 | Tauren |
| 20:58 | Reinforced Defenses |
| 21:00 | Arcanite Melee Weapons |
| 21:07 | Orc Burrow |
| 21:50 | Pulverize |
| 22:34 | Thorium Armor |
| Right click | 703 |
| Select group | 437 |
| Select | 281 |
| Build/train/purchase | 112 |
| Misc. action | 99 |
| Assign group | 47 |
| Chat | 36 |
| Use ability | 30 |
| Remove unit | 5 |
| Esc | 2 |
| Minimap ping | 2 |
| Item give/drop | 1 |

| Potion of Mana | 2 | 400 |
| Lesser Clarity Potion | 2 | 140 |
| Potion of Healing | 1 | 150 |
| Scroll of Healing | 2 | 500 |
| Scroll of Town Portal | 1 | 350 |
| Rod of Necromancy | 1 | 150 |
| Sacrificial Skull | 1 | 50 |
| Orb of Corruption | 1 | 375 |
| total: | 11 | 2115g |
| Peon | 7 | 525 | / | 0 |
| Troll Headhunter | 15 | 2100 | / | 300 |
| Spirit Walker | 6 | 1170 | / | 210 |
| Tauren | 2 | 560 | / | 160 |
| Troll Berserker | 2 | 280 | / | 40 |
| Acolyte | 17 | 1275 | / | 0 |
| Ghoul | 3 | 360 | / | 0 |
| Crypt Fiend | 13 | 2795 | / | 520 |
| Obsidian Statue | 9 | 1800 | / | 315 |
| Frost Wyrm | 4 | 1540 | / | 480 |
| total: | 78 | 12405g | / | 2025w |
| Watch Tower | 1 | 110 | / | 80 |
| War Mill | 1 | 205 | / | 0 |
| Barracks | 2 | 360 | / | 100 |
| Orc Burrow | 7 | 1120 | / | 280 |
| Altar of Storms | 1 | 180 | / | 50 |
| Great Hall | 1 | 385 | / | 185 |
| Tauren Totem | 2 | 270 | / | 310 |
| Stronghold | 1 | 315 | / | 190 |
| Fortress | 1 | 325 | / | 190 |
| Nerubian Tower | 2 | 200 | / | 40 |
| Spirit Tower | 1 | 145 | / | 40 |
| Graveyard | 3 | 645 | / | 0 |
| Crypt | 1 | 200 | / | 50 |
| Altar of Darkness | 1 | 180 | / | 50 |
| Ziggurat | 9 | 1350 | / | 450 |
| Tomb of Relics | 2 | 260 | / | 60 |
| Necropolis | 1 | 225 | / | 0 |
| Slaughterhouse | 3 | 420 | / | 405 |
| Boneyard | 2 | 350 | / | 400 |
| Halls of the Dead | 1 | 320 | / | 210 |
| Black Citadel | 1 | 325 | / | 230 |
| total: | 37 | 6260g | / | 2420w |
| 0:03 | Peon |
| 0:03 | Peon |
| 0:07 | Acolyte |
| 0:10 | Graveyard |
| 0:11 | Graveyard |
| 0:13 | Crypt |
| 0:20 | War Mill |
| 0:25 | Acolyte |
| 0:31 | Peon |
| 0:34 | Barracks |
| 0:48 | Altar of Darkness |
| 0:53 | Orc Burrow |
| 0:55 | Peon |
| 1:04 | Ziggurat |
| 1:11 | Peon |
| 1:14 | Altar of Storms |
| 1:16 | Ghoul |
| 1:27 | Peon |
| 1:52 | Tomb of Relics |
| 1:57 | Orc Burrow |
| 1:58 | Crypt Fiend |
| 2:06 | Ziggurat |
| 2:09 | Troll Headhunter |
| 2:22 | Troll Headhunter |
| 2:31 | Barracks |
| 2:38 | Peon |
| 2:40 | Crypt Fiend |
| 2:50 | Troll Headhunter |
| 2:53 | Nerubian Tower |
| 2:58 | Rod of Necromancy |
| 3:02 | Sacrificial Skull |
| 3:11 | Watch Tower |
| 3:18 | Breath of Fire |
| 3:20 | Crypt Fiend |
| 3:21 | Frost Nova |
| 3:38 | Troll Headhunter |
| 3:42 | Orc Burrow |
| 3:50 | Ghoul |
| 3:50 | Ghoul |
| 3:51 | Acolyte |
| 4:01 | Ziggurat |
| 4:02 | Troll Headhunter |
| 4:24 | Troll Headhunter |
| 4:33 | Troll Headhunter |
| 4:54 | Halls of the Dead |
| 4:55 | Crypt Fiend |
| 4:57 | Drunken Brawler |
| 5:01 | Troll Headhunter |
| 5:04 | Creature Attack |
| 5:05 | Ziggurat |
| 5:30 | Stronghold |
| 5:32 | Crypt Fiend |
| 5:49 | Troll Headhunter |
| 5:53 | Orc Burrow |
| 5:58 | Dark Ritual |
| 7:01 | Necropolis |
| 7:15 | Troll Headhunter |
| 7:19 | Crypt Fiend |
| 7:20 | Slaughterhouse |
| 7:23 | Slaughterhouse |
| 7:25 | Slaughterhouse |
| 7:35 | Improved Creature Attack |
| 8:25 | Tauren Totem |
| 8:27 | Obsidian Statue |
| 8:27 | Obsidian Statue |
| 8:49 | Ziggurat |
| 8:50 | Acolyte |
| 8:50 | Acolyte |
| 8:50 | Acolyte |
| 8:50 | Acolyte |
| 9:09 | Ziggurat |
| 9:13 | Fortress |
| 9:15 | Orc Burrow |
| 9:17 | Reinforced Defenses |
| 9:28 | Troll Headhunter |
| 9:33 | Web |
| 9:34 | Crypt Fiend |
| 9:39 | Frost Nova |
| 10:05 | Breath of Fire |
| 10:30 | Spirit Walker |
| 10:30 | Spirit Walker |
| 10:32 | Troll Headhunter |
| 11:02 | Troll Headhunter |
| 11:11 | Crypt Fiend |
| 11:12 | Obsidian Statue |
| 11:13 | Black Citadel |
| 11:14 | Creature Carapace |
| 11:15 | Ziggurat |
| 11:17 | Spirit Tower |
| 11:18 | Nerubian Tower |
| 11:19 | Tomb of Relics |
| 11:19 | Graveyard |
| 11:26 | Spirit Walker Adept Training |
| 11:26 | Spirit Walker |
| 11:28 | Orc Burrow |
| 11:41 | Burrow |
| 11:46 | Orc Burrow |
| 11:48 | Steel Ranged Weapons |
| 12:08 | Obsidian Statue |
| 12:08 | Obsidian Statue |
| 12:37 | Troll Headhunter |
| 12:38 | Crypt Fiend |
| 12:39 | Obsidian Statue |
| 12:50 | Improved Creature Carapace |
| 13:05 | Troll Headhunter |
| 13:06 | Berserker Upgrade |
| 13:09 | Tauren Totem |
| 13:17 | Dark Ritual |
| 13:48 | Boneyard |
| 14:13 | Tauren |
| 14:31 | Steel Armor |
| 14:45 | Impale |
| 14:51 | Orb of Corruption |
| 14:51 | Scroll of Healing |
| 14:51 | Potion of Mana |
| 14:54 | Scroll of Healing |
| 14:56 | Lesser Clarity Potion |
| 14:56 | Lesser Clarity Potion |
| 15:03 | Ziggurat |
| 15:07 | Acolyte |
| 15:07 | Acolyte |
| 15:28 | Drunken Brawler |
| 16:15 | Spirit Walker |
| 16:15 | Pulverize |
| 16:16 | Spirit Walker Master Training |
| 16:43 | Acolyte |
| 16:43 | Acolyte |
| 16:43 | Acolyte |
| 16:43 | Acolyte |
| 16:52 | Frost Wyrm |
| 16:52 | Frost Wyrm |
| 16:52 | Crypt Fiend |
| 16:53 | Crypt Fiend |
| 16:53 | Obsidian Statue |
| 16:53 | Destroyer Form |
| 16:54 | Boneyard |
| 16:56 | Potion of Healing |
| 16:56 | Potion of Mana |
| 17:50 | Troll Berserker |
| 19:00 | Frost Wyrm |
| 19:01 | Obsidian Statue |
| 19:02 | Obsidian Statue |
| 19:02 | Crypt Fiend |
| 19:02 | Crypt Fiend |
| 19:03 | Advanced Creature Carapace |
| 19:54 | Tauren |
| 19:54 | Spirit Walker |
| 19:55 | Troll Berserker |
| 19:57 | Scroll of Town Portal |
| 20:56 | Frost Nova |
| 21:13 | Frost Wyrm |
| 21:16 | Ziggurat |
| 21:38 | Spirit Walker |
| 22:04 | Great Hall |
| 22:07 | Acolyte |
| 22:08 | Acolyte |
| 22:08 | Acolyte |
| 22:08 | Acolyte |
| 22:19 | Breath of Fire |
| Right click | 1285 |
| Select group | 801 |
| Select | 688 |
| Assign group | 320 |
| Misc. action | 225 |
| Build/train/purchase | 173 |
| Use ability | 82 |
| Minimap ping | 16 |
| Esc | 8 |
| Item give/drop | 6 |
| Resource trade | 4 |


| Healing Salve | 6 | 600 |
| Lesser Clarity Potion | 10 | 700 |
| Scroll of Speed | 6 | 300 |
| Scroll of Town Portal | 4 | 1400 |
| total: | 26 | 3000g |
| Peon | 9 | 675 | / | 0 |
| Grunt | 5 | 1000 | / | 0 |
| Raider | 6 | 1080 | / | 240 |
| Wind Rider | 2 | 530 | / | 80 |
| Centaur Outrunner | 1 | 195 | / | 0 |
| total: | 23 | 3480g | / | 320w |
| Watch Tower | 11 | 1210 | / | 880 |
| Altar of Storms | 1 | 180 | / | 50 |
| Orc Burrow | 6 | 960 | / | 240 |
| Barracks | 1 | 180 | / | 50 |
| Voodoo Lounge | 1 | 130 | / | 30 |
| War Mill | 1 | 205 | / | 0 |
| Great Hall | 2 | 770 | / | 370 |
| Beastiary | 3 | 435 | / | 420 |
| Stronghold | 1 | 315 | / | 190 |
| Fortress | 1 | 325 | / | 190 |
| total: | 26 | 4070g | / | 2040w |
| 0:03 | Peon |
| 0:04 | Peon |
| 0:07 | Altar of Storms |
| 0:09 | Orc Burrow |
| 0:21 | Peon |
| 0:27 | Peon |
| 0:42 | Barracks |
| 0:46 | Peon |
| 0:56 | Peon |
| 1:07 | Peon |
| 1:21 | Peon |
| 1:37 | Voodoo Lounge |
| 1:40 | Peon |
| 1:52 | Grunt |
| 2:12 | Serpent Ward |
| 3:14 | Stronghold |
| 3:17 | Orc Burrow |
| 3:28 | Healing Salve |
| 3:29 | Lesser Clarity Potion |
| 3:29 | Scroll of Speed |
| 4:06 | War Mill |
| 4:11 | Hex |
| 4:17 | Centaur Outrunner |
| 5:04 | Grunt |
| 5:06 | Orc Burrow |
| 5:52 | Beastiary |
| 5:52 | Beastiary |
| 5:54 | Orc Burrow |
| 5:56 | Steel Melee Weapons |
| 6:38 | Healing Wave |
| 7:10 | Ensnare |
| 7:10 | Raider |
| 7:10 | Raider |
| 7:11 | Beastiary |
| 7:13 | Reinforced Defenses |
| 7:17 | Endurance Aura |
| 7:23 | Scroll of Speed |
| 7:38 | Healing Salve |
| 7:56 | Berserker Strength |
| 7:57 | Grunt |
| 8:06 | Thorium Melee Weapons |
| 8:18 | Raider |
| 8:37 | Raider |
| 8:46 | Lesser Clarity Potion |
| 8:49 | Scroll of Speed |
| 10:54 | Raider |
| 11:00 | Shockwave |
| 11:45 | Steel Armor |
| 11:46 | Fortress |
| 11:48 | Grunt |
| 12:42 | Grunt |
| 13:16 | Lesser Clarity Potion |
| 13:16 | Lesser Clarity Potion |
| 13:17 | Healing Salve |
| 13:22 | Healing Salve |
| 13:27 | Scroll of Speed |
| 13:27 | Scroll of Town Portal |
| 13:38 | Thorium Armor |
| 13:40 | Watch Tower |
| 13:42 | Watch Tower |
| 13:51 | Watch Tower |
| 14:05 | Spiked Barricades |
| 14:10 | Watch Tower |
| 14:54 | Healing Wave |
| 15:11 | Watch Tower |
| 15:13 | Watch Tower |
| 16:03 | Shockwave |
| 16:40 | Lesser Clarity Potion |
| 16:40 | Lesser Clarity Potion |
| 16:43 | Healing Salve |
| 16:44 | Scroll of Speed |
| 16:52 | Scroll of Town Portal |
| 16:57 | Watch Tower |
| 17:04 | Creature Attack |
| 17:46 | Orc Burrow |
| 17:47 | Orc Burrow |
| 18:28 | Raider |
| 18:31 | Scroll of Town Portal |
| 18:32 | Scroll of Speed |
| 18:37 | Lesser Clarity Potion |
| 18:39 | Lesser Clarity Potion |
| 19:00 | Watch Tower |
| 19:02 | Arcanite Melee Weapons |
| 20:04 | Lesser Clarity Potion |
| 20:04 | Lesser Clarity Potion |
| 20:05 | Scroll of Town Portal |
| 20:09 | Healing Salve |
| 20:46 | Great Hall |
| 21:12 | Arcanite Armor |
| 21:39 | Great Hall |
| 21:40 | Watch Tower |
| 22:00 | Envenomed Spears |
| 22:00 | Wind Rider |
| 22:00 | Wind Rider |
| 22:47 | Watch Tower |
| 22:47 | Watch Tower |
| 22:57 | Healing Wave |
| Right click | 960 |
| Select group | 377 |
| Select | 312 |
| Use ability | 153 |
| Build/train/purchase | 93 |
| Misc. action | 64 |
| Assign group | 31 |
| Minimap ping | 5 |
| Item give/drop | 3 |
| Remove unit | 1 |
| Esc | 1 |
⇛